 Dungeon Crawl Stone Soup version 0.19.1 (webtiles) character file.

138 esteth the Conjurer (level 5, 0/35 HPs)
             Began as a Demonspawn Conjurer on Dec 11, 2016.
             Slain by an orc
             ... wielding a +0 dagger
              (5 damage)
             ... on level 4 of the Dungeon.
             The game lasted 00:21:00 (3431 turns).

esteth the Conjurer (Demonspawn Conjurer)           Turns: 3431, Time: 00:21:02

Health: 0/35       AC:  5    Str:  8    XL:     5   Next: 1%
Magic:  2/11       EV: 12    Int: 18    God:
Gold:   158        SH:  0    Dex: 13    Spells: 1 memorised, 11 levels left

rFire  . . .     SeeInvis .     e - +0 short sword
rCold  . . .     Gourm    .     a - +0 robe
rNeg   + . .     Faith    .     (no shield)
rPois  .         Spirit   .     (helmet restricted)
rElec  .         Reflect  .     (no cloak)
rCorr  .         Harm     .     (no gloves)
MR     .....                    (no boots)
Stlth  ++........               (no amulet)
                                s - ring of positive energy
                                i - +3 ring of protection

@: no status effects
A: antennae 1, claws 1, powered by death 1
a: no special abilities


You were on level 4 of the Dungeon.
You were not hungry.

You visited 1 branch of the dungeon, and saw 4 of its levels.

You collected 158 gold pieces.

Inventory:

Hand Weapons
 d - a +0 club
 e - a +0 short sword (weapon)
Armour
 a - a +0 robe (worn)
Jewellery
 i - a +3 ring of protection (left claw)
 n - an uncursed ring of resist corrosion
 s - a ring of positive energy (right claw)
Scrolls
 c - 3 scrolls of blinking {unknown}
 g - 2 scrolls of random uselessness {unknown}
 h - a scroll of fog {unknown}
 k - 3 scrolls of identify
 o - 2 scrolls of teleportation {unknown}
 q - a scroll of enchant armour {unknown}
 r - a scroll of fear {unknown}
 t - a scroll of amnesia {unknown}
Potions
 f - a potion of lignification {unknown}
 l - a potion of curing {unknown}
 p - a potion of magic {unknown}
Books
 b - a book of Conjurations

   Spells                             Type                      Level
   a - Magic Dart                     Conjuration                  1
   b - Searing Ray                    Conjuration                  2
   c - Dazzling Spray                 Conjuration/Hexes            3
   d - Fulminant Prism                Conjuration/Hexes            4
   e - Iskenderun's Mystic Blast      Conjuration                  4
   f - Iskenderun's Battlesphere      Conjuration/Charms           5
Comestibles
 j - 4 meat rations
 m - a beef jerky


   Skills:
 - Level 1.7 Dodging
 - Level 1.7 Stealth
 * Level 4.0 Spellcasting
 + Level 5.0 Conjurations


You had 11 spell levels left.
You knew the following spells:

 Your Spells              Type           Power        Failure   Level  Hunger
a - Magic Dart            Conj           ###.         1%          1    None


Dungeon Overview and Level Annotations

Branches:
Dungeon (4/15)
 Temple: D:4-7

Altars:
Hepliaklqana
Yredelemnul


Innate Abilities, Weirdness & Mutations

You have a pair of small antennae on your head.
You have sharp fingernails.
You regenerate a little health from kills.


Message History

The orc wizard hits you but does no damage.
The orc wizard gestures wildly while chanting.
The orc closely misses you.
You closely miss the orc wizard.
The orc wizard is moderately wounded.
The orc wizard casts a spell. x2
The orc closely misses you.
Unknown command.
You closely miss the orc wizard.
The orc wizard is moderately wounded.
The orc wizard hits you with a dagger.
* * * LOW HITPOINT WARNING * * *
The orc hits you but does no damage.
You barely miss the orc wizard.
The orc wizard is lightly wounded.
The orc wizard hits you but does no damage.
The orc wizard hits you with a dagger.
* * * LOW HITPOINT WARNING * * *
The orc hits you with a dagger.
You die...

###############
#####..$...%..oo@o#
............#####.#
#####.#####.# ....
#.# #.###.....# #.#
#..... .....
#.#####..##.....##.
#...oo..........# #
######(#...########
#.....###......


You could see an orc wizard and 2 orcs.

Vanquished Creatures
  7 adders
  An ooze (D:3)
  A dart slug (D:1)
  A leopard gecko (D:1)
  An orc (D:3)
  A ball python (D:4)
  5 giant cockroaches
  2 gnoll zombies (D:3)
  4 goblins
  10 hobgoblins
  2 jackals (D:1)
  8 kobolds
  A quokka (D:3)
  12 bats
  5 frilled lizards
  5 rats
66 creatures vanquished.

Notes
Turn   | Place    | Note
-------+----------+-------------------------------------------
     0 | D:1      | esteth the Demonspawn Conjurer began the quest for the Orb.
     0 | D:1      | Reached XP level 1. HP: 13/13 MP: 3/3
   209 | D:1      | Gained mutation: You have sharp fingernails. [demonic ancestry]
   209 | D:1      | Reached XP level 2. HP: 19/19 MP: 0/5
  1101 | D:1      | Gained mutation: You have a pair of small antennae on your head. [demonic ancestry]
  1101 | D:1      | Reached XP level 3. HP: 24/24 MP: 2/7
  1849 | D:2      | Gained mutation: You regenerate a little health from kills. [demonic ancestry]
  1849 | D:2      | Reached XP level 4. HP: 30/30 MP: 5/9
  2969 | D:3      | Found a basalt altar of Yredelemnul.
  3307 | D:4      | Reached skill level 5 in Conjurations
  3361 | D:4      | Found a hazy altar of Hepliaklqana.
  3367 | D:4      | Reached XP level 5. HP: 35/35 MP: 8/11
  3431 | D:4      | Slain by an orc

Skill      XL: |  1  2  3  4 |
---------------+-------------+-----
Spellcasting   | 3 4 |  4.0
Conjurations   | 5 |  5.0
Dodging        | |  1.7
Stealth        | |  1.7

Action                   |  1- 3 |  4- 6 || total
-------------------------+-------+-------++-------
Melee: Club              |     5 |       ||     5
       Short sword       |    12 |     4 ||    16
 Cast: Magic Dart        |    67 |    92 ||   159
  Use: Scroll            |     1 |     2 ||     3
  Eat: Chunk             |     2 |       ||     2
       Pizza             |     1 |       ||     1
       Bread ration      |       |     1 ||     1
Armor: Robe              |    19 |    13 ||    32
Dodge: Dodged            |    46 |    20 ||    66
